 Dungeon Crawl Stone Soup version 0.28-a0-851-g8b9cc49659 (webtiles) character file.

Game seed: 3663166926942538759

131 pokeman the Magician (level 4, 0/25 HPs)
             Began as a Deep Elf Hedge Wizard on Nov 14, 2021.
             Killed from afar by an orc wizard (7 damage)
             ... with a puff of flame
             ... on level 3 of the Dungeon.
             The game lasted 00:05:51 (3868 turns).

pokeman the Magician (Deep Elf Hedge Wizard)        Turns: 3868, Time: 00:05:52

Health: 0/25       AC:  5    Str:  7    XL:     4   Next: 91%
Magic:  1/14       EV: 12    Int: 20    God:
Gold:   107        SH:  0    Dex: 14    Spells: 4/15 levels left

rFire   . . .      SeeInvis .   b - +0 mace
rCold   + . .      Faith    .   (no shield)
rNeg    . . .      Spirit   .   d - +0 leather armour
rPois   .          Reflect  .   k - +1 helmet
rElec   .          Harm     .   (no cloak)
rCorr   .          Rampage  .   (no gloves)
Will    .....                   (no boots)
Stlth   ++........              (no amulet)
HPRegen 0.08/turn               j - ring of protection from cold
MPRegen 0.14/turn               (no ring)

@: no status effects
A: no striking features
a: no special abilities


You were on level 3 of the Dungeon.
You visited 1 branch of the dungeon, and saw 3 of its levels.

You collected 107 gold pieces.

Inventory:

Hand Weapons
 b - a +0 mace (weapon)
Armour
 d - a +0 leather armour (worn)
 k - a +1 helmet (worn)
Jewellery
 j - a ring of protection from cold (left hand)
Wands
 f - a wand of flame (14)
Scrolls
 a - 2 scrolls of enchant armour {unknown}
 e - a scroll of identify {unknown}
Potions
 g - a potion of heal wounds {unknown}
 h - a potion of cancellation {unknown}
 i - a potion of might {unknown}


   Skills:
 - Level 1.0 Fighting
 - Level 1.0 Armour
 + Level 2.9 Dodging
 - Level 2.4 Stealth
 * Level 6.0 Spellcasting
 + Level 2.4 Conjurations
 - Level 1.1 Summonings
 - Level 1.1 Translocations
 - Level 1.0 Fire Magic
 + Level 0.1 Air Magic


You had 4 spell levels left.
You knew the following spells:

 Your Spells              Type           Power      Damage    Failure   Level
a - Magic Dart            Conj           60%        1d6       5%          1
b - Mephitic Cloud        Conj/Pois/Air  9%         N/A       32%         3
c - Call Imp              Summ           10%        N/A       14%         2
d - Blink                 Tloc           20%        N/A       14%         2
e - Conjure Flame         Conj/Fire      12%        6-21      22%         3

Your spell library contained the following spells:

 Spells                   Type           Power      Damage    Failure   Level
 Slow                     Hex            24%        N/A       16%         1


Dungeon Overview and Level Annotations

Branches:
Dungeon (3/15)

Altars:
Xom
Zin


Message History

Aim: an orc wizard, wielding a +0 dagger and wearing a +0 robe (chance to affect: 86%) That beam is likely to hit you.
Continue anyway?
You miscast Mephitic Cloud.
You feel rather nauseous for a moment!
You are poisoned.
You feel sick.
The orc wizard hits you but does no damage.
You feel sick.
The orc wizard gestures at you while chanting.
You resist with some effort.
You feel sick.
The orc wizard gestures at you while chanting.
The magic dart hits you.
You feel sick.
You feel sick.
Casting: Mephitic Cloud (extremely dangerous; 32% risk of failure)
Confirm with . or Enter, or press ? or * to list all spells.
A beastly little devil appears in a puff of frigid air.
You feel sick.
You are no longer poisoned.
You swap places.
The orc wizard hits your white imp with a +0 dagger.
Your white imp barely misses the orc wizard.
The orc wizard completely misses your white imp.
Your white imp closely misses the orc wizard.
The orc wizard points at you and mumbles some strange words.
Your white imp resists with significant effort.
Your white imp completely misses the orc wizard.
The orc wizard mumbles some strange words.
The orc wizard flickers and vanishes!
Deactivating autopickup; reactivate with Ctrl-A.
A magic dart appears from out of thin air!
The magic dart hits your white imp.
A magic dart appears from out of thin air!
The magic dart hits your white imp!
Your white imp dies!
Your white imp disappears in a puff of smoke!
Your magical contamination has completely faded away.
A puff of flame appears from out of thin air!
The puff of flame hits you!
You die...

>........# #.# #....
########.###.# #####
#..{..ยง...# #.###.###.# #.#
#.###.## #.###{##...####.#
.##### #.o).)...............#
......
#.####.###.##...###############
#.# #.###@## #.......#
#.###.###.########.#####.#
#.......^..........# #.#
#####.############## #.. ###


There were no monsters in sight!

Vanquished Creatures
  Terence (D:2)
  3 adders (D:2)
  A worm (D:2)
  4 orcs (D:3)
  6 endoplasms
  4 giant cockroaches (D:2)
  7 hobgoblins
  3 jackals (D:1)
  4 quokkas
  2 ball pythons
  4 bats
  A frilled lizard (D:3)
  10 goblins (D:3)
  3 kobolds
  2 rats (D:2)
55 creatures vanquished.

Vanquished Creatures (collateral kills)
  Robin (D:3)
1 creature vanquished.

Grand Total: 56 creatures vanquished

Notes
Turn   | Place    | Note
-------+----------+-------------------------------------------
     0 | D:1      | pokeman the Deep Elf Hedge Wizard began the quest for the
                  | Orb.
     0 | D:1      | Reached XP level 1. HP: 10/10 MP: 7/7
   338 | D:1      | Reached XP level 2. HP: 15/15 MP: 2/9
   545 | D:1      | Found a faded altar of an unknown god.
  1329 | D:2      | Reached skill level 5 in Spellcasting
  1477 | D:2      | Reached XP level 3. HP: 20/20 MP: 4/11
  1484 | D:2      | Learned a level 3 spell: Mephitic Cloud
  1487 | D:2      | Learned a level 2 spell: Call Imp
  1490 | D:2      | Learned a level 2 spell: Blink
  1494 | D:2      | Learned a level 3 spell: Conjure Flame
  1796 | D:2      | Found a glowing silver altar of Zin.
  1908 | D:2      | Reached skill level 1 in Fighting
  1908 | D:2      | Reached skill level 1 in Armour
  2146 | D:2      | Noticed Terence
  2223 | D:2      | Killed Terence
  2224 | D:2      | Reached XP level 4. HP: 12/25 MP: 4/13
  2558 | D:3      | Noticed a scorpion
  3184 | D:3      | Noticed Robin
  3276 | D:3      | Killed Robin
  3277 | D:3      | Reached skill level 1 in Fire Magic
  3636 | D:3      | Found a shimmering altar of Xom.
  3844 | D:3      | Reached skill level 6 in Spellcasting
  3868 | D:3      | Killed from afar by an orc wizard

Illustrated notes

Levels and vault maps discovered:
D:1:      lightli_arrival_boilingwater, layout_basic,
          hellmonk_ecumenical_altar_heavens_door
D:2:      layout_rooms, basic_altar, chequers_serial_rivers_small_a,
          uniq_terence
D:3:      layout_loops_ring, nicolae_overflow_hidden_temple, st_stairs_7,
          uniq_robin

Skill      XL: |  1  2  3  4 |
---------------+-------------+-----
Spellcasting   | 5 6 |  6.0
Fighting       | 1 |  1.0
Armour         | 1 |  1.0
Conjurations   | 2 |  2.4
Fire Magic     | 1 |  1.0
Dodging        | |  2.9
Stealth        | |  2.4
Summonings     | |  1.1
Translocations | |  1.1
Air Magic      | |  0.1

Action                   |  1- 3 |  4- 6 || total
-------------------------+-------+-------++-------
Melee: Mace              |    11 |    19 ||    30
 Cast: Magic Dart        |   112 |    49 ||   161
       Conjure Flame     |     2 |     1 ||     3
       Mephitic Cloud    |     1 |     3 ||     4
       Call Imp          |       |     2 ||     2
 Stab: Confused          |       |     1 ||     1
Armor: Leather armour    |    15 |     8 ||    23
       Robe              |     1 |       ||     1
Dodge: Dodged            |    41 |    23 ||    64

Table legend: (Time is in decaauts)
 A = Elapsed time spent in this place.
 B = Non-inter-level travel time spent in this place.
 C = Inter-level travel time spent in this place.
 D = Time resting spent in this place.
 E = Time spent auto-exploring this place.
 F = Levels seen in this place.
 G = Mean time per level.
                   A        B        C        D        E       F      G
               +--------+--------+--------+--------+--------+-----+--------+
         Total |   3881 |   3774 |    107 |    537 |   2646 |   3 | 1293.7 |
       Dungeon |   3881 |   3774 |    107 |    537 |   2646 |   3 | 1293.7 |
               +--------+--------+--------+--------+--------+-----+--------+

Top non-repeatable levels by time:
     D:2: 1856 daAuts
     D:1: 1148 daAuts
     D:3: 875 daAuts
